 Dungeon Crawl Stone Soup version 0.27-a0-637-g3a9f0a9c12 (webtiles) character file.

Game seed: 4566924624171120579

964 Aggronaut the Slasher (level 7, -3/59 HPs)
             Began as a Pale Draconian Delver on Mar 15, 2021.
             Killed by divine providence
             ... invoked by an orc priest
              (11 damage)
             ... on level 6 of the Dungeon.
             The game lasted 00:14:01 (5030 turns).

Aggronaut the Slasher (Pale Draconian Delver)       Turns: 5030, Time: 00:14:01

Health: -3/59      AC:  8    Str: 20    XL:     7   Next: 93%
Magic:  7/7        EV: 13    Int: 10    God:
Gold:   283        SH:  0    Dex: 15    Spells: 6/6 levels left

rFire    . . .     SeeInvis .   a - +0 falchion
rCold    . . .     Faith    .   (no shield)
rNeg     . . .     Spirit   .   (armour unavailable)
rPois    .         Reflect  .   (helmet restricted)
rElec    .         Harm     .   r - +0 cloak
rCorr    .         Rampage  .   j - +0 pair of gloves
Will     .....                  (no boots)
Stlth    +++.......             (no amulet)
HPRegen  0.19/turn              m - +6 ring of strength
MPRegen  0.10/turn              t - +4 ring of slaying

@: no status effects
A: breathe steam, AC +6, unfitting armour, cold-blooded, steam resistance
a: Breathe Steam


You were on level 6 of the Dungeon.
You visited 1 branch of the dungeon, and saw 6 of its levels.
You also visited: Sewer.

You collected 283 gold pieces.

Inventory:

Hand Weapons
 a - a +0 falchion (weapon)
Missiles
 v - 31 poisoned darts (quivered)
Armour
 j - a +0 pair of gloves (worn)
 r - a +0 cloak (worn)
Jewellery
 m - a +6 ring of strength (right hand)
 s - a ring of fire
 t - a +4 ring of slaying (left hand)
Wands
 f - a wand of digging (3)
Scrolls
 b - 5 scrolls of fog
 c - 4 scrolls of magic mapping
 d - 5 scrolls of fear
 h - a scroll of summoning {unknown}
 i - a scroll of amnesia {unknown}
 n - 6 scrolls of identify {unknown}
 o - 7 scrolls of teleportation {unknown}
 u - 2 scrolls of enchant weapon {unknown}
 w - a scroll of blinking {unknown}
 x - a scroll of noise {unknown}
Potions
 e - 3 potions of might
 g - a potion of brilliance {unknown}
 k - a potion of berserk rage {unknown}
 l - 5 potions of curing {unknown}
 p - a potion of heal wounds {unknown}
 q - a potion of flight {unknown}
 z - a potion of degeneration {unknown}


   Skills:
 - Level 4.1 Fighting
 * Level 6.9 Long Blades
 - Level 3.2 Dodging
 + Level 6.7 Stealth


You had 6 spell levels left.
You didn't know any spells.
Your spell library was empty.

Dungeon Overview and Level Annotations

Branches:
Dungeon (6/15)              Sewer (visited)
 Temple: D:4-7

Altars:
Ru
Trog
Zin

Shops:
D:5 =


Innate Abilities, Weirdness & Mutations

You can breathe blasts of scalding, opaque steam.
Your pale cyan-grey scales are hard. (AC +6)
You cannot fit into any form of body armour.
You are cold-blooded and may be slowed by cold attacks.
You are immune to the effects of steam.


Message History

Pain shoots through your body!
You hit the orc priest.
The orc priest is lightly wounded.
The orc hits you with a +0 hand axe!
The orc wizard points at itself and mumbles some strange words.
The orc wizard flickers and vanishes!
Something hits you but does no damage. The orc priest closely misses you.
You hit something.
Reactivating autopickup.
You feel a bit more experienced. The orc hits you with a +0 hand axe.
Something hits you.
Deactivating autopickup; reactivate with Ctrl-A.
The orc priest misses you.
You hit the orc priest but do no damage.
You tail-slap the orc priest.
The orc priest is moderately wounded.
The orc barely misses you. Something hits you but does no damage.
The orc priest hits you.
You slash the orc priest!
The orc priest is severely wounded.
Something barely misses you. The orc barely misses you.
The orc priest hits you.
You barely miss the orc priest.
Your tail-slap misses the orc priest.
The orc priest is severely wounded.
A troll comes into view.
The phantom hits you.
The phantom blinks!
You blink.
An ufetubus comes into view.
The troll shouts!
The ufetubus shouts!
The phantom misses you.
You riposte.
You hit the phantom.
Your tail-slap misses the phantom.
The phantom is moderately damaged.
The ufetubus hits you but does no damage.
The ufetubus closely misses you.
The orc priest invokes the aid of Beogh against you.
Beogh smites you!
* * * LOW HITPOINT WARNING * * *
Found 12 gold pieces and a scroll labelled ZIROIG COCZU.
The orc priest mumbles some strange prayers to Beogh against you.
Beogh smites you!
You die...

.......#####.#.#
..#...# ##.#.# #
#.#.o.####....###
##.##.#...##...#......
#.....oW#.............
#..##5#...###<#.#.####
##.$.#T#.#..[.........
#........#####.#.#.##..
#.##.#@..# #.....# #
..................###
##.#....#.#######.#
#......#.# .
..........# .#
#.#.....### # ##...?#
##$#.#


You could see a troll, an orc priest and an ufetubus.

Vanquished Creatures
  A water moccasin (D:5)
  An ice beast (D:5)
  2 bullfrogs (Sewer)
  2 scorpions
  2 hounds (D:4)
  A centaur skeleton (D:5)
  2 iguanas (D:4)
  An orc wizard (D:6)
  2 worker ants
  3 gnolls (D:2)
  14 adders
  2 river rats
  A shadow imp (D:5)
  A white imp (D:5)
  2 oozes
  4 worms
  2 dart slugs
  3 leopard geckos
  5 orcs
  9 ball pythons
  6 giant cockroaches
  10 goblins
  11 hobgoblins
  7 jackals
  A quokka (D:5)
  7 bats
  5 frilled lizards
  3 kobolds
  36 rats
146 creatures vanquished.

Notes
Turn   | Place    | Note
-------+----------+-------------------------------------------
     0 | D:5      | Aggronaut the Draconian Delver began the quest for the Orb.
     0 | D:5      | Reached XP level 1. HP: 19/19 MP: 1/1
   247 | D:3      | Reached XP level 2. HP: 24/26 MP: 2/2
   247 | D:3      | Found a glowing drain.
   259 | D:3      | Reached skill level 5 in Stealth
   264 | D:3      | Reached XP level 3. HP: 31/31 MP: 3/3
   273 | Sewer    | Entered a sewer
   783 | Sewer    | Reached XP level 4. HP: 39/39 MP: 4/4
  1196 | Sewer    | Noticed a bullfrog
  1196 | Sewer    | Noticed a bullfrog
  1221 | Sewer    | Killed a bullfrog
  1222 | Sewer    | Reached XP level 5. HP: 24/46 MP: 5/5
  1515 | Sewer    | Reached XP level 6. HP: 42/52 MP: 6/6
  2831 | D:2      | Found a glowing silver altar of Zin.
  3367 | D:4      | Found a sacrificial altar of Ru.
  3432 | D:4      | Identified the +1 leather armour of Rouneil {Str+4}
  3440 | D:4      | Reached skill level 5 in Long Blades
  3896 | D:4      | Found a bloodstained altar of Trog.
  3981 | D:4      | Your scales start taking on a pale cyan-grey colour.
  3981 | D:4      | Reached XP level 7. HP: 29/59 MP: 7/7
  3981 | D:4      | Gained mutation: You are immune to the effects of steam.
                  | [Pale Draconian growth]
  4455 | D:5      | Found Ewnischi's Jewellery Shop.
  5024 | D:6      | Noticed a troll
  5030 | D:6      | Killed from afar by an orc priest

Illustrated notes

Levels and vault maps discovered:
D:1:      giann_horns, layout_rooms
D:2:      layout_basic, general_overflow_altar
D:3:      layout_basic, portal_sewer_entry_a, chequers_serial_rivers_large_b
D:4:      layout_cave_pools, kennysheep_little_box, enter_ossuary_2,
          lemuel_tele_altar
D:5:      layout_rooms, serial_shops, shop
D:6:      layout_loops_ring, grunt_qazlal_clouds, gammafunk_ghost_cemetery

Skill      XL: |  1  2  3  4  5  6  7 |
---------------+----------------------+-----
Stealth        | 5 6 |  6.7
Dodging        | 2 3 |  3.2
Long Blades    | 3 4 5 6 |  6.9
Fighting       | 4 |  4.1

Action                   |  1- 3 |  4- 6 |  7- 9 || total
-------------------------+-------+-------+-------++-------
Melee: Falchion          |    79 |   240 |    62 ||   381
       Tailslap          |    12 |    45 |    17 ||    74
  Use: Scroll            |     1 |     1 |       ||     2
       Potion            |     2 |     2 |       ||     4
 Stab: Sleeping          |     4 |    20 |     5 ||    29
       Distracted        |       |     2 |       ||     2
Armor: Skin              |    29 |   107 |    16 ||   152
Dodge: Dodged            |    52 |   218 |    35 ||   305
       Rpst.: Falchion   |    21 |    65 |     8 ||    94

Table legend: (Time is in decaauts)
 A = Elapsed time spent in this place.
 B = Non-inter-level travel time spent in this place.
 C = Inter-level travel time spent in this place.
 D = Time resting spent in this place.
 E = Time spent auto-exploring this place.
 F = Levels seen in this place.
 G = Mean time per level.
                   A        B        C        D        E       F      G
               +--------+--------+--------+--------+--------+-----+--------+
         Total |   5205 |   5004 |    201 |   1481 |   1820 |   7 |  743.6 |
       Dungeon |   3793 |   3592 |    201 |    807 |   1755 |   6 |  632.2 |
         Sewer |   1411 |   1411 |      0 |    674 |     64 |   1 | 1411.0 |
               +--------+--------+--------+--------+--------+-----+--------+

Top non-repeatable levels by time:
   Sewer: 1411 daAuts
     D:4: 1055 daAuts
     D:2: 908 daAuts
     D:5: 718 daAuts
     D:3: 557 daAuts
     D:1: 527 daAuts
     D:6: 25 daAuts
